 Dungeon Crawl Stone Soup version 0.30-a0-737-gf23d94013f (webtiles) character file.

Game seed: 4259638895769838912

211 retardedninja the Trooper (level 5, -1/51 HPs)
             Began as a Gargoyle Fighter on Feb 1, 2023.
             Slain by a jackal (2 damage)
             ... in a sewer.
             The game lasted 00:03:41 (1540 turns).

retardedninja the Trooper (Gargoyle Fighter)        Turns: 1540, Time: 00:03:41

Health: -1/51      AC: 22    Str: 21    XL:     5   Next: 88%
Magic:  5/5        EV:  2    Int:  9    God:
Gold:   77         SH:  4    Dex:  9    Spells: 4/4 levels left

rFire   . . .      SeeInvis .    a - +0 flail
rCold   . . .      Faith    .    c - +0 buckler
rNeg    + . .      Spirit   .    (body armour currently unavailable)
rPois   ∞          Reflect  .    (helmet currently unavailable)
rElec   .          Harm     .    (cloak currently unavailable)
rCorr   .          Rampage  .    (gloves currently unavailable)
Will    .....      NoTele   +    (boots currently unavailable)
Stlth   +                        (no amulet)
HPRegen 0.28/turn                (no ring)
MPRegen 0.09/turn                (no ring)

@: tree-form, attractive, very slow
A: stationary, stasis, torment immunity, boosted hp, sickness immunity, AC +4,
negative energy resistance 1, (electricity resistance), torment resistance 1,
petrification resistance
a: no special abilities


You were in a sewer.
You were a tree.
You visited 1 branch of the dungeon, and saw 3 of its levels.
You also visited: Sewer.

You collected 77 gold pieces.

Inventory:

Hand Weapons
 a - a +0 flail (weapon)
Armour
 b - a +0 scale mail (melded)
 c - a +0 buckler (worn)
Jewellery
 n - an amulet of faith
Scrolls
 e - a scroll of teleportation {unknown}
 g - a scroll of identify
 i - a scroll of enchant armour {unknown}
Potions
 j - a potion of degeneration


   Skills:
 + Level 4.5 Fighting
 + Level 3.3 Maces & Flails
 + Level 4.4 Armour
 + Level 4.4 Shields


You had 4 spell levels left.
You didn't know any spells.
Your spell library contained the following spells:

 Spells                   Type           Power      Damage    Failure   Level
 Wereblood                Tmut           0%         N/A       61%         2
 Ozocubu's Armour         Ice            0%         N/A       83%         3
 Ozocubu's Refrigeration  Ice            0%         4d7       100%        7
 Summon Hydra             Summ           0%         N/A       100%        7
 Sublimation of Blood     Necr           Unusable   N/A       N/A         2

Dungeon Overview and Level Annotations

Branches:
Dungeon (3/15)              Sewer (1/1)

Altars:


Innate Abilities, Weirdness & Mutations

You are a tree.
Your roots penetrate the ground, keeping you stationary.
You cannot be teleported.
You are immune to unholy pain and torment.
Your maximum health is greatly increased.
Your equipment is partially melded.
You are immune to sickness and miasma.
((Your stone body is resilient. (AC +4)))
You are immune to poison.
You resist negative energy. (rN+)
((You are resistant to electric shocks. (rElec)))
You are resistant to unholy torment.
You are immune to petrification.


Message History

The jackal bites you but does no damage.
The kobold brigand splashes around in the water.
The kobold hits you but does no damage. x2; The jackal barely misses you.
You barely miss the kobold brigand.
The kobold brigand is severely wounded.
The kobold throws a stone.
The stone hits you but does no damage.
The kobold brigand hits you with a +0 dagger.
* * * LOW HITPOINT WARNING * * *
The jackal completely misses you.
The kobold hits you but does no damage. x2
The jackal bites you but does no damage.
The kobold brigand hits you but does no damage.
You miss the kobold brigand.
The kobold brigand is severely wounded.
The kobold hits you but does no damage. x2
The jackal splashes around in the water.
The kobold brigand hits you but does no damage.
You block the kobold's attack. The kobold hits you but does no damage.
You barely miss the kobold brigand.
The kobold brigand is severely wounded.
The jackal bites you but does no damage.
The kobold brigand splashes around in the water.
The jackal splashes around in the water.
The kobold hits you but does no damage. You block the kobold's attack.
It was a potion of attraction.
You feel attractive to monsters.
The jackal bites you but does no damage.
The kobold brigand hits you but does no damage.
The kobold throws a stone.
The stone hits you but does no damage.
The kobold hits you but does no damage. x2
You closely miss the kobold brigand.
The kobold brigand is severely wounded.
The jackal bites you but does no damage.
The kobold brigand hits you with a +0 dagger.
* * * LOW HITPOINT WARNING * * *
The jackal bites you but does no damage.
You block the kobold's attack. The kobold hits you but does no damage.
You hit the kobold brigand.
The kobold brigand is almost dead.
The jackal bites you.
You die...

#.~≈~.# ##~~≈~.##
###############.~~≈~~.#
~~~~~~~~~~~~~~~~~~≈~~.#
###############~.~≈~.~#
#~~~≈~..# #~~~≈~~.#
#K~≈≈≈~~# #K♣≈≈≈K.#
#Kh≈≈≈~.# #~K~~~..#
#...~...# ####.#### ..
... ...#


You could see a kobold brigand, a jackal and 4 kobolds.

Vanquished Creatures
  An ogre (D:3)
  A kobold brigand (Sewer)
  3 river rats (Sewer)
  3 ball pythons
  4 endoplasms (D:1)
  3 giant cockroaches
  3 goblins
  2 hobgoblins (D:1)
  A jackal (Sewer)
  A kobold (D:2)
  5 bats
  2 frilled lizards
  4 rats
33 creatures vanquished.

Vanquished Creatures (others)
  4 plants (D:2)
4 creatures vanquished.

Grand Total: 37 creatures vanquished

Notes
Turn   | Place    | Note
-------+----------+-------------------------------------------
     0 | D:1      | retardedninja the Gargoyle Fighter began the quest for the
                  | Orb.
     0 | D:1      | Reached XP level 1. HP: 14/14 MP: 1/1
   151 | D:1      | Reached XP level 2. HP: 15/19 MP: 2/2
   767 | D:2      | Reached XP level 3. HP: 24/24 MP: 3/3
  1115 | D:3      | Found a glowing drain.
  1121 | D:3      | Noticed an ogre
  1130 | D:3      | Killed an ogre
  1131 | D:3      | Reached XP level 4. HP: 17/29 MP: 4/4
  1131 | D:3      | Reached XP level 5. HP: 19/33 MP: 5/5
  1136 | Sewer    | Entered a sewer
  1144 | Sewer    | HP: 1/33 [river rat (6)]
  1498 | Sewer    | Noticed a kobold brigand
  1499 | Sewer    | Noticed a kobold brigand
  1522 | Sewer    | Killed a kobold brigand
  1535 | Sewer    | HP: 2/51 [kobold brigand/+0 dagger (3)]
  1540 | Sewer    | Slain by a jackal

Illustrated notes

Levels and vault maps discovered:
D:1:      dpeg_arrival_leaves_temple_mockup, layout_basic
D:2:      layout_basic, serial_forest, infiniplex_forest_clump_curved,
          infiniplex_forest_lined_3, infiniplex_forest_3_way,
          infiniplex_forest_clump_long, infiniplex_forest_lined_2,
          infiniplex_forest_clump_medium, infiniplex_forest_clump_medium,
          infiniplex_forest_clump_small
D:3:      layout_basic, cheibrodos_sewer_entry_drain
Sewer:    sewer_kobolds

Skill      XL: |  1  2  3 |
---------------+----------+-----
Fighting       | 4 |  4.5
Maces & Flails | 3 |  3.3
Armour         | 4 |  4.4
Shields        | 4 |  4.4

Action                     |  1- 3 |  4- 6 || total
---------------------------+-------+-------++-------
  Melee: Flail             |    71 |    51 ||   122
    Use: Scroll            |     4 |       ||     4
         Potion            |     1 |     5 ||     6
 Armour: Scale mail        |    51 |    51 ||   102
         Skin              |       |    31 ||    31
  Dodge: Dodged            |    46 |    58 ||   104
  Block: Buckler           |    13 |    35 ||    48

Table legend: (Time is in decaauts)
 A = Elapsed time spent in this place.
 B = Non-inter-level travel time spent in this place.
 C = Inter-level travel time spent in this place.
 D = Time resting spent in this place.
 E = Time spent auto-exploring this place.
 F = Levels seen in this place.
 G = Mean time per level.
                   A        B        C        D        E       F      G
               +--------+--------+--------+--------+--------+-----+--------+
         Total |   1603 |   1558 |     45 |    341 |    871 |   4 |  400.8 |
       Dungeon |   1155 |   1110 |     45 |     50 |    851 |   3 |  385.0 |
         Sewer |    448 |    448 |      0 |    291 |     20 |   1 |  448.0 |
               +--------+--------+--------+--------+--------+-----+--------+

Top non-repeatable levels by time:
     D:1: 614 daAuts
     D:2: 500 daAuts
   Sewer: 448 daAuts
     D:3: 40 daAuts
